 Dungeon Crawl Stone Soup version 0.23-a0-586-gacb4b3f (webtiles) character file.

443 ohad the Ruffian (level 6, -4/61 HPs)
             Began as a Troll Monk on Dec 19, 2018.
             Killed from afar by an orc wizard (7 damage)
             ... with a puff of flame
             ... on level 3 of the Dungeon.
             The game lasted 00:05:50 (1717 turns).

ohad the Ruffian (Troll Monk)                       Turns: 1717, Time: 00:05:50

Health: -4/61      AC:  5    Str: 20    XL:     6   Next: 71%
Magic:  14/14      EV: 11    Int:  6    God:
Gold:   93         SH:  0    Dex: 14    Spells: 5/5 levels left

rFire    . . .     SeeInvis .     - Unarmed
rCold    . . .     Gourm    +   (no shield)
rNeg     . . .     Faith    .   a - +0 robe
rPois    +         Spirit   .   (helmet restricted)
rElec    .         Reflect  .   (no cloak)
rCorr    .         Harm     .   (gloves unavailable)
MR       .....                  (boots unavailable)
Stlth    ++........             (no amulet)
HPRegen  0.60/turn              c - ring of poison resistance
MPRegen  0.14/turn              n - ring of magical power

@: no status effects
A: large, unfitting armour, claws 3, fast metabolism 3, gourmand, regeneration
1, shaggy fur 1, tough skin 2
a: no special abilities


You were on level 3 of the Dungeon.
You were completely stuffed.

You visited 1 branch of the dungeon, and saw 3 of its levels.

You collected 93 gold pieces.

Inventory:

Hand Weapons
 p - a +0 giant spiked club
Missiles
 q - 6 large rocks (quivered)
Armour
 a - a +0 robe (worn)
Jewellery
 c - a ring of poison resistance (left claw)
 n - a ring of magical power (right claw)
Scrolls
 d - 4 scrolls of identify {unknown}
 e - 2 scrolls of magic mapping {unknown}
 f - 4 scrolls of remove curse {unknown}
 g - a scroll of teleportation {unknown}
 h - a scroll of random uselessness {unknown}
 l - 2 scrolls of immolation {unknown}
 m - a scroll of blinking {unknown}
Potions
 i - a potion of magic {unknown}
 j - a potion of ambrosia {unknown}
 k - a potion of brilliance {unknown}
 o - a potion of agility {unknown}
Comestibles
 b - 6 rations


   Skills:
 - Level 3.3 Fighting
 - Level 3.7 Dodging
 - Level 1.5 Stealth
 + Level 5.8 Unarmed Combat


You had 5 spell levels left.
You didn't know any spells.
Your spell library was empty.

Dungeon Overview and Level Annotations

Branches:
Dungeon (3/15)

Altars:
Dithmenos
Fedhas
Wu Jian
Xom
The Shining One


Innate Abilities, Weirdness & Mutations

You are too large for most types of armour.
You have claws for hands.
Your metabolism is lightning-fast.
You like to eat raw meat.
Your natural rate of healing is unusually fast.
You are covered in fur. (AC +1)
You have very tough skin. (AC +2)


Message History

The magic dart hits you!
The orc warrior throws a steel tomahawk.
Something completely misses you. Something hits you but does no damage.
You hear some strange, mumbled words.
A puff of flame appears from out of thin air!
The puff of flame hits you!
* * * LOW HITPOINT WARNING * * *
A magic dart appears from out of thin air!
The magic dart hits you!
* * * LOW HITPOINT WARNING * * *
The orc warrior throws a steel tomahawk.
The steel tomahawk hits you!
* * * LOW HITPOINT WARNING * * *
You see here a steel tomahawk.
A puff of frost appears from out of thin air!
The puff of frost hits you!
A puff of flame appears from out of thin air!
The puff of flame hits you!
You die...

########.###...
+.....####.#
..............# #+###...#
#.# #.######.......# #.#
#...# #.# #.
#.#.#...###.###...# #.# #.
#.#.#.#......รท....####.#
#.
#..#....#..####........#
#.
##.###....)######.#######
##.## ##.## ##........##.#
#...###...###...@.###.##.#
#.....)))..#..........##.#
#...###.>.#.#...##(......#
##.######.#.######.#####.#
..........#.# #.# #.#
##..........# #.#####.#
#.########## #.......# #.
#############o#####.# #.
#...>..o...(..# #.#


There were no monsters in sight!

Vanquished Creatures
  Sigmund (D:2)
  A phantom (D:3)
  An ogre (D:3)
  3 gnolls (D:3)
  An adder (D:2)
  2 worms (D:2)
  A dart slug (D:1)
  2 leopard geckos
  3 orcs (D:3)
  A ball python (D:1)
  8 bats
  A giant cockroach (D:1)
  5 goblins
  11 hobgoblins
  11 kobolds
  A quokka (D:2)
  4 frilled lizards
  8 rats
65 creatures vanquished.

Notes
Turn   | Place    | Note
-------+----------+-------------------------------------------
     0 | D:1      | ohad the Troll Monk began the quest for the Orb.
     0 | D:1      | Reached XP level 1. HP: 22/22 MP: 0/0
    88 | D:1      | Reached XP level 2. HP: 29/29 MP: 1/1
   454 | D:2      | Reached XP level 3. HP: 36/36 MP: 2/2
   573 | D:2      | Noticed Sigmund
   593 | D:2      | Killed Sigmund
   593 | D:2      | Reached skill level 4 in Unarmed Combat
   593 | D:2      | Reached XP level 4. HP: 37/45 MP: 3/3
   593 | D:2      | Reached XP level 5. HP: 44/53 MP: 4/4
   712 | D:2      | Found a shimmering altar of Xom.
   793 | D:2      | Found a blossoming altar of Fedhas.
  1108 | D:2      | Found a shadowy altar of Dithmenos.
  1108 | D:2      | Found a glowing golden altar of the Shining One.
  1284 | D:2      | Found an ornate altar of the Wu Jian Council.
  1326 | D:3      | Reached skill level 5 in Unarmed Combat
  1371 | D:3      | Noticed a phantom
  1385 | D:3      | Killed a phantom
  1385 | D:3      | Reached XP level 6. HP: 48/61 MP: 5/5
  1689 | D:3      | Noticed an orc warrior
  1715 | D:3      | HP: 2/61 [orc warrior/steel tomahawk (15)]
  1717 | D:3      | Killed from afar by an orc wizard

Vault maps used:
D:1:      roderic_octagonal_star
D:2:      fedhas_altar_fruit_tree, amethyst_overflow_temple_binary,
          lemuel_coloured_pillars_altar, lemuel_crystal_altar, moated_statue,
          hangedman_decor_opposing, uniq_sigmund
D:3:      lemuel_doored_altar, moated_statue, uniq_terence

Skill      XL: |  1  2  3  4  5 |
---------------+----------------+-----
Fighting       | 3 |  3.3
Dodging        | 3 |  3.7
Unarmed Combat | 4 5 |  5.8
Stealth        | |  1.5

Action                   |  1- 3 |  4- 6 || total
-------------------------+-------+-------++-------
Melee: Unarmed           |    84 |    99 ||   183
       Punch             |       |     1 ||     1
 Stab: Sleeping          |     1 |     3 ||     4
  Eat: Chunk             |    11 |    10 ||    21
Armor: Robe              |    33 |    34 ||    67
Dodge: Dodged            |    59 |    66 ||   125

Table legend:
 A = Non-vault XP
 B = Vault XP
 C = Vault XP percentage of total XP
 D = Non-vault monster count
 E = Vault monster count
 F = Vault count percentage of total count
                 A         B        C        D         E       F
            +---------+---------+-------+---------+---------+-------
      Total |     407 |     227 |  35.8 |      64 |       1 |   1.5
            +---------+---------+-------+---------+---------+-------
        D:1 |      40 |       0 |   0.0 |      24 |       0 |   0.0
        D:2 |      57 |     227 |  79.9 |      24 |       1 |   4.0
        D:3 |     310 |       0 |   0.0 |      16 |       0 |   0.0
            +---------+---------+-------+---------+---------+-------
